 Dungeon Crawl Stone Soup version 0.28-a0-909-g796cbd3a86 (webtiles) character file.

Game seed: 8174593271864726197

98 croobank the Covert (level 4, 0/18 HPs)
             Began as a Felid Delver on Nov 25, 2021.
             Succumbed to an adder's poison
             ... on level 3 of the Dungeon.
             The game lasted 00:21:00 (3806 turns).

croobank the Covert (Felid Delver)                  Turns: 3806, Time: 00:21:00

Health: 0/18       AC:  1    Str:  9    XL:     4   Next: 43%
Magic:  5/5        EV: 33    Int: 11    God:
Gold:   97         SH:  0    Dex: 17    Spells: 3/3 levels left
                                        Lives:  0   Deaths: 1

rFire   + . .      SeeInvis +     - Unarmed
rCold   . . .      Faith    .   (shield unavailable)
rNeg    . . .      Spirit   .   (armour unavailable)
rPois   +          Reflect  .   (helmet unavailable)
rElec   .          Harm     .   (cloak unavailable)
rCorr   .          Rampage  .   (gloves unavailable)
Will    .....                   (boots unavailable)
Stlth   ++++......              l - amulet of the acrobat
HPRegen 0.06/turn               f - ring of protection from fire
MPRegen 0.09/turn               (no ring)

@: lethally poisoned (0 -> -2), acrobatic, quick
A: very small, claws 1, fangs 3, see invisible, speed 1, shaggy fur 1, stealthy
paws, no weapons or thrown items, no armour, multi-lived, frail 1, high mp 1,
poison resistance
a: no special abilities


You were on level 3 of the Dungeon.
You visited 1 branch of the dungeon, and saw 5 of its levels.

You collected 97 gold pieces.

Inventory:

Missiles
 i - 100 stones
Jewellery
 d - a ring of see invisible
 f - a ring of protection from fire (left paw)
 l - an amulet of the acrobat (around neck)
Wands
 e - a wand of digging (3)
Scrolls
 a - 2 scrolls of fog
 b - 2 scrolls of magic mapping
 c - a scroll of identify
 g - a scroll of teleportation
 h - a scroll of enchant weapon
 m - a scroll of amnesia


   Skills:
 + Level 3.2 Fighting
 + Level 3.6 Dodging
 + Level 8.1 Stealth
 + Level 3.5 Unarmed Combat


You had 3 spell levels left.
You didn't know any spells.
Your spell library contained the following spells:

 Spells                   Type           Power      Damage    Failure   Level
 Summon Guardian Golem    Hex/Summ       0%         N/A       71%         3
 Orb of Destruction       Conj           0%         N/A       100%        7
 Spellforged Servitor     Conj/Summ      0%         N/A       100%        7


Dungeon Overview and Level Annotations

Branches:
Dungeon (5/15)
 Temple: D:4-7

Altars:


Innate Abilities, Weirdness & Mutations

You have sharp claws.
You have razor-sharp teeth.
You have supernaturally acute eyesight. (SInv)
You cover ground quickly. (Speed+)
You are covered in fur. (AC +1)
Your paws help you pounce on unaware monsters.
You are incapable of wielding weapons or throwing items.
You cannot wear armour.
You gain extra lives every three experience levels.
You are frail. (-10% HP)
You have an increased reservoir of magic. (+10% MP)
Your system is resistant to poisons. (rPois)


Message History

The goblin shouts!
You barely miss the goblin. The goblin misses you.
You barely miss the goblin. The goblin barely misses you.
You closely miss the goblin. The goblin hits you with a +0 club.
* * * LOW HITPOINT WARNING * * *
You claw the goblin!
You kill the goblin!
You start resting.
A worm comes into view.
You climb upwards.
There is a stone staircase leading down here.
You scratch the adder.
The adder is heavily wounded.
The adder misses you.
You scratch the adder but do no damage.
The adder is moderately wounded.
The adder completely misses you. The adder bites you.
* * * LOW HITPOINT WARNING * * *
You claw the adder!
The adder is almost dead.
The adder bites you.
* * * LOW HITPOINT WARNING * * *
You are lethally poisoned!
The adder poisons you!
You scratch the adder but do no damage.
The adder is almost dead.
* * * LOW HITPOINT WARNING * * *
You feel sick. The adder barely misses you.
You scratch the adder.
You kill the adder!
* * * LOW HITPOINT WARNING * * *
You feel sick.
There is a lethal amount of poison in your body!
Really quaff the potion of mutation?
You feel extremely strange.
You feel clumsy.
You no longer feel cold resistant.
You feel frail.
You feel resistant to poisons.
* * * LOW HITPOINT WARNING * * *
You feel sick.
You die...

....#
##.##.##........#
###.#
#.##.##.########
#.# #.##.##.# #.#
#.##.##.# ##.###
#.##.##.# ##....#
#.##.##.# ....#.#
#.##.##.# ....#.#
#.##.##.#
....#.####.##.##@#
.................#
...........#######
...######### ...#
####


There were no monsters in sight!

Vanquished Creatures
  4 gnolls
  4 adders
  A dart slug (D:1)
  An orc (D:3)
  4 ball pythons
  7 bats
  4 endoplasms
  5 giant cockroaches
  11 goblins
  5 hobgoblins
  2 jackals (D:2)
  4 quokkas
  3 frilled lizards
  7 kobolds
  2 rats
64 creatures vanquished.

Notes
Turn   | Place    | Note
-------+----------+-------------------------------------------
     0 | D:5      | croobank the Felid Delver began the quest for the Orb.
     0 | D:5      | Reached XP level 1. HP: 10/10 MP: 2/2
    73 | D:4      | Noticed an orc priest
    76 | D:4      | Reached skill level 7 in Stealth
    76 | D:4      | Reached XP level 2. HP: 14/14 MP: 3/3
  1362 | D:1      | Found a faded altar of an unknown god.
  1416 | D:1      | Reached XP level 3. HP: 17/17 MP: 4/4
  1520 | D:1      | Gained mutation: Your flesh is cold resistant. (rC+)
                  | [potion of mutation]
  1520 | D:1      | Gained mutation: You have an increased reservoir of magic.
                  | (+10% MP) [potion of mutation]
  1520 | D:1      | Gained mutation: You are agile. (Dex +2) [potion of
                  | mutation]
  1978 | D:1      | Reached XP level 4. HP: 6/21 MP: 5/5
  2467 | D:2      | Slain by a gnoll
  2468 | D:2      | Reached XP level 3. HP: -1/17 MP: 4/4
  2839 | D:2      | Reached skill level 8 in Stealth
  2841 | D:2      | Reached XP level 4. HP: 19/21 MP: 5/5
  3804 | D:3      | HP: 1/21 [poisoned by an adder]
  3805 | D:3      | Lost mutation: You are agile. (Dex +2) [potion of mutation]
  3805 | D:3      | Lost mutation: Your flesh is cold resistant. (rC+) [potion
                  | of mutation]
  3805 | D:3      | Gained mutation: You are frail. (-10% HP) [potion of
                  | mutation]
  3805 | D:3      | Gained mutation: Your system is resistant to poisons.
                  | (rPois) [potion of mutation]
  3806 | D:3      | Succumbed to an adder's poison

Illustrated notes

Levels and vault maps discovered:
D:1:      dpeg_arrival_tiny_a, layout_basic, ebering_ecumenical_altar_hall,
          minmay_misc_feat_pillars
D:2:      layout_loops_cross
D:3:      minmay_diamond_boxcup, layout_loops_ring, minmay_misc_feat_diagonals
D:4:      gammafunk_wand_slinger, layout_basic, enter_ossuary_5
D:5:      layout_basic, serial_shops, shop_statue, kennysheep_generic_room_13

Skill      XL: |  1  2  3 |
---------------+----------+-----
Stealth        | 7 8 |  8.1
Dodging        | 3 |  3.6
Unarmed Combat | 3 |  3.5
Fighting       | |  3.2

Action                   |  1- 3 |  4- 6 || total
-------------------------+-------+-------++-------
Melee: Unarmed           |   128 |    76 ||   204
       Bite              |    12 |     3 ||    15
       Punch             |     1 |       ||     1
  Use: Scroll            |     5 |     2 ||     7
       Potion            |     3 |     3 ||     6
 Stab: Sleeping          |    11 |     9 ||    20
Armor: Skin              |     5 |     5 ||    10
Dodge: Dodged            |    87 |    56 ||   143

Table legend: (Time is in decaauts)
 A = Elapsed time spent in this place.
 B = Non-inter-level travel time spent in this place.
 C = Inter-level travel time spent in this place.
 D = Time resting spent in this place.
 E = Time spent auto-exploring this place.
 F = Levels seen in this place.
 G = Mean time per level.
                   A        B        C        D        E       F      G
               +--------+--------+--------+--------+--------+-----+--------+
         Total |   3429 |   3395 |     34 |   1723 |    842 |   5 |  685.8 |
       Dungeon |   3429 |   3395 |     34 |   1723 |    842 |   5 |  685.8 |
               +--------+--------+--------+--------+--------+-----+--------+

Top non-repeatable levels by time:
     D:1: 1578 daAuts
     D:2: 1028 daAuts
     D:3: 658 daAuts
     D:4: 105 daAuts
     D:5: 58 daAuts
